 Dungeon Crawl Stone Soup version 0.16-a0-327-gbff0e38 (webtiles) character file.

90 PolkaDot the Caller (level 4, -4/30 HPs)
             Began as a Vampire Summoner on Sept 5, 2014.
             Killed from afar by an orc wizard (7 damage)
             ... with a magic dart
             ... on Level 3 of the Dungeon.
             The game lasted 00:08:03 (2844 turns).

PolkaDot the Caller (Vampire Summoner)              Turns: 2844, Time: 00:08:03

HP  -4/30        AC  2     Str  7      XL: 4   Next: 32%
MP   2/7         EV 12     Int 18      God:
Gold 121         SH  0     Dex 14      Spells:  3 memorised,  1 level left

rFire  . . .     SeeInvis +     j - +0 cutlass
rCold  . . .     Clarity  .     a - +0 robe
rNeg   . . .     rCorr    .     (no shield)
rPois  .         rRot     .     (no helmet)
rElec  .         Spirit   .     (no cloak)
SustAb .         Warding  .     (no gloves)
rMut   .         Stasis   .     (no boots)
Gourm  .                        (no amulet)
MR     .....                    (no ring)
                                (no ring)

@: regenerating quickly, not resistant to hostile enchantments, unstealthy
A: fangs 3, see invisible, unbreathing
a: no special abilities


You were on level 3 of the Dungeon.
You were very full.

You visited 1 branch of the dungeon, and saw 3 of its levels.

You collected 121 gold pieces.

Inventory:

Hand weapons
 j - a +0 cutlass (weapon)
Armour
 a - a +0 robe (worn)
Magical devices
 h - a wand of confusion (7)
Scrolls
 c - 5 scrolls of teleportation
 d - 2 scrolls of identify {unknown}
 e - a scroll of remove curse {unknown}
 i - a scroll of immolation {unknown}
Jewellery
 n - an uncursed amulet of the gourmand {unknown}
Potions
 f - a potion of resistance {unknown}
 g - a potion of restore abilities {unknown}
 k - a potion of beneficial mutation {unknown}
 l - a potion of cure mutation {unknown}
 m - a potion of cancellation {unknown}
Books
 b - a book of Callings

   Spells                             Type                      Level
   *Summon Small Mammal               Summoning                    1
   *Call Imp                          Summoning                    2
   *Call Canine Familiar              Summoning                    3
   Summon Guardian Golem              Hexes/Summoning              4
   Summon Lightning Spire             Summoning/Air                4
   Summon Ice Beast                   Ice/Summoning                4


   Skills:
 - Level 2.1 Dodging
 - Level 3.0 Stealth
 - Level 2.0 Spellcasting
 * Level 5.8 Summonings


You had one spell level left.
You knew the following spells:

 Your Spells              Type           Power        Failure   Level  Hunger
a - Summon Small Mammal   Summ           ###.         1%          1    #......
d - Call Canine Familiar  Summ           ###.....     6%          3    ####...
s - Call Imp              Summ           ###.....     2%          2    ##.....


Dungeon Overview and Level Annotations

Branches:
Dungeon (3/15)

Altars:
Trog
Zin


Innate Abilities, Weirdness & Mutations

Your natural rate of healing is unusually fast.
You have razor-sharp teeth.
You have supernaturally acute eyesight.
You can survive without breathing.


Message History

The magic dart hits you!
* * * LOW HITPOINT WARNING * * *
The orc hits you with a dagger.
* * * LOW HITPOINT WARNING * * *
The kobold moves out of view.
Drink which item? (? for menu, Esc to quit)
Okay, then.
Read which item? (? for menu, Esc to quit)
Okay, then.
Your crimson imp hits the orc wizard.
Your crimson imp closely misses the orc wizard.
Your hound bites the orc wizard but does no damage.
The orc wizard mumbles some strange words.
The orc wizard blinks!
Your crimson imp jumps up and down with excitement.
The orc wizard casts a spell.
The orc wizard blinks!
The orc wizard gestures at you while chanting.
The magic dart hits you!
You die...

........##..#........(#.
.........#...#..........
...........#...%.....?...
.......##....###..##......
......##...#..##.## .......
<#######.#.....#.####.....
.###.....#####.....##...# .
.##..####...........#...#...
....####........@o...........
.#..###..........o....#.....
.##...................#.[...
.######.............).K...>.#
## #.........§5..).!.....#
#....[.o....5...#......
#.........h..?....#....
.............§.##.#.#. .##...
......... ....


You could see an orc wizard, 2 orcs, a kobold, a friendly hound and 2 friendly
crimson imps.

Vanquished Creatures
  2 adders (D:2)
  3 giant geckos
  A ball python (D:3)
  10 bats
  4 giant cockroaches
  2 hobgoblins
  3 giant newts
  5 goblins
  2 kobolds
  5 rats
37 creatures vanquished.

Vanquished Creatures (collateral kills)
  2 adders (D:2)
  2 worms
  A giant gecko (D:3)
  An ooze (D:1)
  2 orcs (D:3)
  3 goblins
  2 hobgoblins (D:2)
  2 kobolds
  4 jackals (D:1)
  2 rats (D:1)
21 creatures vanquished.

Vanquished Creatures (others)
  2 bats (D:1)
  A rat (D:1)
3 creatures vanquished.

Grand Total: 61 creatures vanquished

Notes
Turn   | Place    | Note
--------------------------------------------------------------
     0 | D:1      | PolkaDot, the Vampire Summoner, began the quest for the Orb.
     0 | D:1      | Reached XP level 1. HP: 13/13 MP: 3/3
   794 | D:1      | Reached XP level 2. HP: 14/19 MP: 0/4
   921 | D:1      | Learned a level 2 spell: Call Imp
  1428 | D:2      | Reached skill level 5 in Summonings
  1428 | D:2      | Reached XP level 3. HP: 11/24 MP: 0/6
  1628 | D:2      | Found a bloodstained altar of Trog.
  1882 | D:2      | Learned a level 3 spell: Call Canine Familiar
  2112 | D:2      | Reached XP level 4. HP: 10/30 MP: 1/7
  2514 | D:2      | Found a glowing silver altar of Zin.
  2844 | D:3      | Killed from afar by an orc wizard

Action                   |  1- 3 |  4- 6 || total
-------------------------+-------+-------++-------
Melee: Unarmed           |    65 |       ||    65
       Dagger            |    54 |       ||    54
       Cutlass           |    36 |    35 ||    71
 Cast: Summon Small Mamm |    14 |       ||    14
       Call Imp          |    11 |     2 ||    13
       Call Canine Famil |     2 |     2 ||     4
  Use: Scroll            |     1 |       ||     1
       Potion            |     1 |       ||     1
 Stab: Sleeping          |     6 |     1 ||     7
  Eat: Corpse            |    14 |     4 ||    18
